 Dungeon Crawl Stone Soup version 0.19.5 (webtiles) character file.

6617 greprep the Basher (level 10, 0/103 HPs)
             Began as a Troll Fighter on Apr 30, 2017.
             Was an Elder of Makhleb.
             Killed from afar by a smoke demon (28 damage)
             ... with a ball of steam
             ... on level 2 of the Abyss.
             The game lasted 00:34:42 (7057 turns).

greprep the Basher (Troll Fighter)                  Turns: 7057, Time: 00:34:42

Health: 0/103      AC:  9    Str: 33    XL:     10   Next: 72%
Magic:  12/12      EV: 10    Int:  8    God:    Makhleb [****..]
Gold:   583        SH: 16    Dex: 13    Spells: 1 memorised, 12 levels left

rFire  . . .     SeeInvis +     C - +5 flail (drain)
rCold  . . .     Gourm    +     f - +4 robe of Augmentation {Str+4 Int+4 Dex+4}
rNeg   . . .     Faith    .     J - +0 shield
rPois  .         Spirit   .     (helmet restricted)
rElec  .         Reflect  +     (no cloak)
rCorr  .         Harm     .     (gloves unavailable)
MR     .....                    (boots unavailable)
Stlth  ++........               A - +6 amulet of reflection
                                (no ring)
                                o - ring of see invisible

@: no status effects
A: unfitting armour, claws 3, fast metabolism 3, gourmand, regeneration 1,
robust 1, shaggy fur 1, tough skin 2
a: Minor Destruction, Lesser Servant of Makhleb, Major Destruction, Renounce
Religion


You were on level 2 of the Abyss.
You worshipped Makhleb.
Makhleb was greatly pleased with you.
You were not hungry.

You visited 1 branch of the dungeon, and saw 9 of its levels.
You visited the Abyss 1 time.

You collected 583 gold pieces.

Inventory:

Hand Weapons
 m - a +3 great sword of freezing
 q - a +1 scimitar of flaming
 C - a +5 flail of draining (weapon)
Armour
 f - the +4 robe of Augmentation (worn) {Str+4 Int+4 Dex+4}
   (You found it on level 8 of the Dungeon)

   It affects your strength (+4).
   It affects your intelligence (+4).
   It affects your dexterity (+4).
 j - a +0 robe of magic resistance
 J - a +0 shield (worn)
 M - a +2 robe of resistance
Jewellery
 o - a ring of see invisible (left claw)
 A - a +6 amulet of reflection (around neck)
 E - an uncursed ring of protection from cold {unknown}
 F - an uncursed ring of fire {unknown}
 I - the ring "Qoisoaz" {rPois rF+ rC+, unknown}
   (You found it on level 6 of the Dungeon)

   [ring of poison resistance]

   It protects you from fire.
   It protects you from cold.
   It protects you from poison.
 L - an uncursed ring of poison resistance {unknown}
Wands
 b - a wand of iceblast (12/15)
 r - a wand of random effects (22/48)
 K - a wand of polymorph (5/24)
 N - a wand of iceblast (11/15)
Scrolls
 g - 3 scrolls of recharging
 h - a scroll of enchant armour {unknown}
 i - a scroll of fog {unknown}
 w - a scroll of teleportation
 x - 2 scrolls of enchant weapon {unknown}
 y - a scroll of blinking
 B - 2 scrolls of fear {unknown}
 D - 2 scrolls of amnesia
 G - a scroll of holy word {unknown}
 H - 2 scrolls of magic mapping {unknown}
 O - a scroll of remove curse
Potions
 a - a potion of resistance {unknown}
 c - a potion of might
 e - 2 potions of cure mutation
 k - 3 potions of curing
 p - a potion of degeneration {unknown}
 s - 2 potions of ambrosia
 z - 2 potions of agility
 P - 2 potions of haste {unknown}
Books
 t - a book of Cantrips

   Spells                             Type                      Level
   a - Confusing Touch                Hexes                        1
   b - Animate Skeleton               Necromancy                   1
   c - Summon Small Mammal            Summoning                    1
   d - Apportation                    Translocation                1
 v - a book of Misfortune

   Spells                             Type                      Level
   a - Confusing Touch                Hexes                        1
   b - Confuse                        Hexes                        3
   c - Gell's Gravitas                Hexes/Translocation          3
   d - Petrify                        Transmutation/Earth          4
   e - Metabolic Englaciation         Hexes/Ice                    5
   f - Yara's Violent Unravelling     Hexes/Transmutation          5
Comestibles
 d - 4 bread rations
 l - 11 beef jerkies
 n - 2 royal jellies
 u - a slice of pizza


   Skills:
 + Level 4.9 Fighting
 - Level 3.9 Long Blades
   Level 2.6(6.1) Axes
 * Level 9.4(9.6) Maces & Flails
 + Level 5.3 Dodging
 + Level 2.2 Stealth
 - Level 3.8 Shields
 - Level 5.1 Unarmed Combat
 * Level 2.0 Spellcasting
 + Level 1.0 Invocations


You had 12 spell levels left.
You knew the following spells:

 Your Spells              Type           Power        Failure   Level  Hunger
a - Apportation           Tloc           #.........   90%         1    ##.....


Dungeon Overview and Level Annotations

Branches:
Dungeon (9/15)             Temple (0/1) D:5            Lair (0/6) D:9
    Orc: D:9-12

Altars:
Ashenzari
Hepliaklqana
Makhleb
Sif Muna
Vehumet
Yredelemnul

Shops:
D:8 *


Innate Abilities, Weirdness & Mutations

You are too large for most types of armour.
You have claws for hands.
Your metabolism is lightning-fast.
You like to eat raw meat.
Your natural rate of healing is unusually fast.
You are covered in fur. (AC +1)
You have very tough skin. (AC +2)
You are robust. (+10% HP)


Message History

You hit the fire bat. You drain the fire bat!
The fire bat is moderately wounded.
You block the fire bat's attack.
You closely miss the fire bat. The fire bat bites you.
You are engulfed in flames.
You block the fire bat's attack. x2
The fire bat bites you but does no damage.
You sock the fire bat!
The fire bat is severely wounded.
The fire bat barely misses you.
The fire bat bites you but does no damage.
The smoke demon gestures at you. Something smites you!
* * * LOW HITPOINT WARNING * * *
You block the fire bat's attack. The fire bat barely misses you.
The fire bat bites you but does no damage.
You block the fire bat's attack. The fire bat closely misses you.
The smoke demon gestures at you.
The ball of steam hits the fire bat.
The fire bat resists.
The ball of steam hits you!
You die...

#. # ...#. # #..
. .... .#####.##
#. #..###....#..#
#
..#...#........#.
#....#.#.#.....
#.3ยงยง....#.###
.# ..#.b@##....#
# . ##
###.#.#..#...##.#
#
#....b.##...##..
##
#...#..###.##.# #
# . ######.#
#.#.# ## . . . #
...# .. # # .. ..
.##.###.## . ..
#. ..#...# .#. #
. . # . ## #
.##.##. .


You could see 2 fire bats.

Vanquished Creatures
  Erica (D:8)
  An ugly thing (D:9)
  Psyche (D:9)
  A demonic crawler (Abyss:2)
  Prince Ribbit (D:9)
  A hippogriff (D:9)
  A wyvern (D:9)
  A hungry ghost (D:8)
  Edmund (D:5)
  Duvessa (D:7)
  An ice beast (D:7)
  2 orc warriors (D:9)
  A phantom (D:4)
  4 sky beasts
  6 ogres
  3 centaurs
  6 bullfrogs
  6 scorpions
  Dowan (D:7)
  9 wights
  2 howler monkeys (D:6)
  2 crimson imps (D:8)
  A quasit (Abyss:2)
  A bullfrog zombie (D:9)
  A centaur zombie (D:9)
  6 hounds
  2 jellies
  2 bullfrog skeletons
  2 orc priests
  10 orc wizards
  3 iguanas
  6 worker ants
  A killer bee zombie (D:7)
  3 hound skeletons
  2 worker ant zombies
  3 gnolls (D:4)
  17 adders
  3 worms
  A dart slug (D:2)
  4 leopard geckos
  36 orcs
  3 ball pythons
  5 giant cockroaches
  7 goblins
  11 hobgoblins
  11 jackals
  5 quokkas
  14 bats
  10 frilled lizards
  8 kobolds
  A leopard gecko skeleton (D:4)
  A quokka skeleton (D:9)
  5 rats
238 creatures vanquished.

Notes
Turn   | Place    | Note
-------+----------+-------------------------------------------
     0 | D:1      | greprep the Troll Fighter began the quest for the Orb.
     0 | D:1      | Reached XP level 1. HP: 22/22 MP: 0/0
   162 | D:1      | Reached XP level 2. HP: 23/29 MP: 1/1
   523 | D:1      | Reached XP level 3. HP: 31/36 MP: 2/2
   911 | D:2      | Reached XP level 4. HP: 44/44 MP: 3/3
  1409 | D:3      | Reached XP level 5. HP: 50/52 MP: 4/4
  1696 | D:3      | Found a burning altar of Makhleb.
  1702 | D:3      | Became a worshipper of Makhleb the Destroyer
  1719 | D:3      | Reached skill level 1 in Axes
  1816 | D:3      | Reached XP level 6. HP: 57/59 MP: 5/5
  1933 | D:3      | Gained mutation: You are robust. (+10% HP) [potion of beneficial mutation]
  2280 | D:4      | Reached XP level 7. HP: 73/73 MP: 6/6
  2416 | D:4      | Reached * piety under Makhleb
  2416 | D:4      | Reached skill level 1 in Long Blades
  2901 | D:5      | Entered Level 5 of the Dungeon
  2996 | D:5      | Noticed Edmund
  3003 | D:5      | Killed Edmund
  3005 | D:5      | Reached XP level 8. HP: 67/82 MP: 7/7
  3031 | D:5      | Found a staircase to the Ecumenical Temple.
  3105 | D:5      | Reached skill level 1 in Maces & Flails
  3389 | D:5      | Found a radiant altar of Vehumet.
  3533 | D:6      | Reached skill level 2 in Maces & Flails
  3570 | D:6      | Reached skill level 1 in Stealth
  3574 | D:6      | Reached ** piety under Makhleb
  3626 | D:6      | Reached skill level 3 in Maces & Flails
  3729 | D:6      | Reached skill level 4 in Maces & Flails
  3882 | D:6      | Got a scintillating glass ring
  3935 | D:6      | Found a hazy altar of Hepliaklqana.
  4288 | D:7      | Reached XP level 9. HP: 88/93 MP: 8/8
  4345 | D:7      | Reached skill level 5 in Maces & Flails
  4351 | D:7      | Found a basalt altar of Yredelemnul.
  4817 | D:7      | Noticed Dowan
  4818 | D:7      | Noticed Duvessa
  4822 | D:7      | Killed Dowan
  4827 | D:7      | Killed Duvessa
  5102 | D:8      | Found Isaaxt's Assorted Antiques.
  5120 | D:8      | Reached skill level 6 in Maces & Flails
  5279 | D:8      | Noticed Erica
  5291 | D:8      | Killed Erica
  5291 | D:8      | Reached skill level 7 in Maces & Flails
  5291 | D:8      | Reached skill level 5 in Unarmed Combat
  5390 | D:8      | Reached *** piety under Makhleb
  5390 | D:8      | Reached skill level 1 in Invocations
  5445 | D:8      | Reached XP level 10. HP: 103/103 MP: 9/9
  5783 | D:8      | Learned a level 1 spell: Apportation
  5806 | D:8      | Reached skill level 8 in Maces & Flails
  6108 | D:9      | Noticed Psyche
  6118 | D:9      | Killed Psyche
  6118 | D:9      | Reached skill level 5 in Dodging
  6118 | D:9      | Reached skill level 1 in Spellcasting
  6206 | D:9      | Found a staircase to the Lair.
  6215 | D:9      | Noticed a cyan ugly thing
  6234 | D:9      | Killed a cyan ugly thing
  6307 | D:9      | Found a shattered altar of Ashenzari.
  6523 | D:9      | Noticed Prince Ribbit
  6527 | D:9      | Killed Prince Ribbit
  6527 | D:9      | Reached skill level 9 in Maces & Flails
  6698 | D:9      | Found a deep blue altar of Sif Muna.
  6701 | D:9      | Reached **** piety under Makhleb
  6858 | D:9      | Noticed a wizard
  6864 | D:9      | Cast into level 2 of the Abyss (a wizard)
  7051 | Abyss:2  | Noticed a smoke demon
  7057 | Abyss:2  | Killed from afar by a smoke demon

Skill      XL: |  1  2  3  4  5  6  7  8  9 10 |
---------------+-------------------------------+-----
Shields        | 3 |  3.8
Dodging        | 3 4 5 |  5.3
Unarmed Combat | 3 4 5 |  5.1
Axes           | 1 2 |  2.6
Fighting       | 3 4 |  4.9
Long Blades    | 3 |  3.9
Maces & Flails | 4 7 9 |  9.4
Stealth        | 1 2 |  2.2
Invocations    | 1 |  1.0
Spellcasting   | 2 |  2.0

Action                   |  1- 3 |  4- 6 |  7- 9 | 10-12 || total
-------------------------+-------+-------+-------+-------++-------
Melee: Unarmed           |   128 |    56 |       |       ||   184
       Hand axe          |       |   115 |       |       ||   115
       Great sword       |       |    10 |    59 |       ||    69
       War axe           |       |     2 |       |       ||     2
       Flail             |       |       |   240 |   158 ||   398
Invok: Minor Destruction |       |       |     4 |     1 ||     5
  Use: Scroll            |       |    10 |     6 |       ||    16
       Potion            |       |     1 |       |       ||     1
 Stab: Sleeping          |       |     3 |     3 |     7 ||    13
  Eat: Chunk             |     5 |    12 |    19 |     7 ||    43
       Meat ration       |       |     1 |     1 |       ||     2
       Fruit             |       |       |     1 |       ||     1
       Bread ration      |       |       |     2 |     1 ||     3
Armor: Robe              |    53 |    42 |    61 |    49 ||   205
Dodge: Dodged            |    55 |    64 |   110 |    48 ||   277
Block: Shield            |    69 |    82 |   176 |   152 ||   479
       Reflection        |       |       |       |     4 ||     4
       Rpst.: Great sword |       |     3 |    14 |       ||    17
